cohdb
Replays
Latest Replays
All Replays
Popular Replays
Top Player Replays
Match Explorer
How It Works
Community
CoH3 Stats
Reddit
Sign in to upload your games and track your stats! →
Sign in with Steam
Match 44714593
Unlisted
Match 44714593
Overview
Messages
Build Orders
End
Royal Engineer Section
Construct Section Command Post
Dingo Light Scout Car
Selects Canadian Shock Battlegroup
Infantry Section
Infantry Section
Selects Attacking Spirit
Selects Canadian Shock Section
Canadian Shock Section
Construct Platoon Command Post
6-pounder Anti-tank Gun Team
Unlock Bishop Self-propelled Artillery
Selects Incendiary Munitions
Bishop Self-propelled Artillery
Construct Company Command Post
Selects Pyrotechnics
Unlock M3 Grant Medium Tanks
M3 Grant Medium Tank
Selects Demolition Engineering
M3 Grant Medium Tank
Grenade Package
Bishop Self-propelled Artillery
M3 Grant Medium Tank
M3 Grant Medium Tank
Foot Guards Section
Infantry Training
Selects Smoke Operation
M3 Grant Medium Tank
Smoke Operation
Canadian Shock Section
rich_2k3
Trunkie88
Simpson22
Drink||Chouchen
Mustache and Melons
Von Strachwitz
0
0
Comments
sign in to comment!
No comments posted yet!